 Dungeon Crawl Stone Soup version 0.26.1 (webtiles) character file.

Game seed: 2753038050001177517

113 sizableburger the Digger (level 4, 0/24 HPs)
             Began as a Deep Elf Earth Elementalist on Feb 6, 2021.
             Slain by an orc
             ... wielding a +0 hand axe
              (6 damage)
             ... on level 3 of the Dungeon.
             The game lasted 00:08:43 (3720 turns).

sizableburger the Digger (DEEE)                     Turns: 3720, Time: 00:08:43

Health: 0/24       AC:  3    Str:  5    XL:     4   Next: 65%
Magic:  1/12       EV: 13    Int: 21    God:
Gold:   95         SH:  0    Dex: 15    Spells: 5/11 levels left

rFire    x . .     SeeInvis .   r - +0 short sword
rCold    + . .     Faith    .   (no shield)
rNeg     . . .     Spirit   .   c - +0 robe
rPois    .         Reflect  .   n - +0 helmet
rElec    .         Harm     .   (no cloak)
rCorr    .         Rampage  .   (no gloves)
Will     .....                  (no boots)
Stlth    ++........             (no amulet)
HPRegen  0.08/turn              o - ring of ice
MPRegen  0.13/turn              (no ring)

@: flying
A: no striking features
a: no special abilities


You were on level 3 of the Dungeon.
You visited 1 branch of the dungeon, and saw 3 of its levels.

You collected 95 gold pieces.

Inventory:

Hand Weapons
 r - a +0 short sword (weapon)
Missiles
 b - 2 stones
Armour
 c - a +0 robe (worn)
 n - a +0 helmet (worn)
Jewellery
 o - a ring of ice (left hand)
Scrolls
 d - 2 scrolls of teleportation {unknown}
 e - 2 scrolls of magic mapping {unknown}
 g - 3 scrolls of identify {unknown}
 i - a scroll of remove curse {unknown}
 l - 2 scrolls of immolation {unknown}
 m - a scroll of noise {unknown}
 p - a scroll of blinking {unknown}
 q - a scroll of enchant armour {unknown}
Potions
 f - a potion of degeneration {unknown}
 h - a potion of might {unknown}
 j - a potion of flight
 k - a potion of curing {unknown}


   Skills:
 + Level 0.7 Short Blades
 - Level 2.4 Dodging
 - Level 2.4 Stealth
 - Level 4.0 Spellcasting
 + Level 1.4 Conjurations
 + Level 2.7 Transmutations
 + Level 4.3 Earth Magic


You had 5 spell levels left.
You knew the following spells:

 Your Spells              Type           Power        Failure   Level
a - Sandblast             Erth           44%          1%          1
b - Passwall              Tmut/Erth      15%          4%          2
c - Stone Arrow           Conj/Erth      32%          11%         3

Your spell library contained the following spells:

 Spells                   Type           Power        Failure   Level
 Petrify                  Tmut/Erth      19%          28%         4
 Lee's Rapid Deconstruct  Erth           11%          50%         5


Dungeon Overview and Level Annotations

Branches:
Dungeon (3/15)

Altars:

Annotations:
D:3 Ijyb, Robin


Message History

The orc hits you with a +0 hand axe.
* * * LOW HITPOINT WARNING * * *
A goblin comes into view.
Robin of the Strong Arm comes into view.
They are wielding a +0 mace, wearing a +1 helmet of intelligence and carrying a wand of flame (13).
The goblin moves out of view.
A goblin comes into view. It is wielding a +0 dagger.
The goblin shouts! x2; Robin shouts!
The goblin shouts!
You hear a shout! x3
A goblin comes into view.
Robin throws the goblin at you!
A goblin comes into view. It is wielding a +0 club.
A hobgoblin comes into view. It is wielding a +0 club.
You hear a shout!
Your magical contamination has completely faded away.
The goblin shouts!
Okay, then.
Okay, then.
It was a potion of flight.
You feel very buoyant.
You fly up into the air.
The orc hits you with a +0 hand axe.
You die...

..gg........# .
.g..g..... #.
#..g#.##########
#..
#...gg..(......#
...<
#...##g########)#
.....####.....#.#
#<#
....g..h...h..#g#
#.#
..?.##.###...#o#
#.# . #(# #####@#
#.# #.# #.# #.#
#.# ..# #.# #.#
#.## #.# ..# #.
#.# ..# #. ... #.
#.


You could see an orc, a hobgoblin and 3 goblins.

Vanquished Creatures
  An orc priest (D:3)
  2 oozes
  A worm (D:2)
  5 dart slugs
  4 leopard geckos
  An orc (D:3)
  6 bats
  2 giant cockroaches
  4 goblins
  8 hobgoblins
  7 jackals
  3 kobolds (D:2)
  6 frilled lizards
  A leopard gecko skeleton (D:3)
  5 rats
56 creatures vanquished.

Notes
Turn   | Place    | Note
-------+----------+-------------------------------------------
     0 | D:1      | sizableburger the Deep Elf Earth Elementalist began the
                  | quest for the Orb.
     0 | D:1      | Reached XP level 1. HP: 10/10 MP: 6/6
   297 | D:1      | Reached XP level 2. HP: 11/15 MP: 2/8
   834 | D:1      | Reached XP level 3. HP: 19/19 MP: 10/10
   837 | D:1      | Learned a level 2 spell: Passwall
   841 | D:1      | Learned a level 3 spell: Stone Arrow
  2556 | D:2      | Reached XP level 4. HP: 20/24 MP: 1/12
  2652 | D:2      | Reached skill level 1 in Conjurations
  3441 | D:3      | Noticed Ijyb
  3714 | D:3      | Noticed Robin
  3720 | D:3      | Slain by an orc

Illustrated notes

Levels and vault maps discovered:
D:1:      saegor_arrival_simple_b, layout_loops_ring,
          chequers_serial_rivers_small_a
D:2:      layout_loops_ring, minmay_box_of_dots
D:3:      layout_loops_ring, chequers_temple_overflow_minitemple,
          grunt_dithmenos_smoke_and_mirrors, uniq_ijyb, uniq_robin,
          uniq_crazy_yiuf_cottage, uniq_grinder

Skill      XL: |  1  2  3  4 |
---------------+-------------+-----
Transmutations | 2 |  2.7
Earth Magic    | 4 |  4.3
Spellcasting   | 4 |  4.0
Conjurations   | 1 |  1.4
Short Blades   | |  0.7
Dodging        | |  2.4
Stealth        | |  2.4

Action                   |  1- 3 |  4- 6 || total
-------------------------+-------+-------++-------
Melee: Dagger            |   119 |    43 ||   162
       Short sword       |       |    25 ||    25
 Cast: Sandblast         |    43 |     4 ||    47
       Stone Arrow       |     3 |     6 ||     9
  Use: Potion            |       |     1 ||     1
 Stab: Sleeping          |     3 |       ||     3
Armor: Robe              |    33 |    18 ||    51
Dodge: Dodged            |    90 |    54 ||   144
